 Dungeon Crawl Stone Soup version 0.30-a0-632-g346586fe48 (webtiles) character file.

Game seed: 16251976995425009572

21814 Newt the Fighter (level 12, -3/150 HPs)
             Began as a Demonspawn Gladiator on Jan 13, 2023.
             Was a High Priest of Dithmenos.
             Succumbed to a scorpion's poison
             ... on level 1 of the Lair of Beasts.
             The game lasted 00:17:20 (12821 turns).

Newt the Fighter (Demonspawn Gladiator)            Turns: 12821, Time: 00:17:21

Health: -3/150     AC: 26    Str: 19    XL:     12   Next: 57%
Magic:  1/12       EV:  2    Int:  9    God:    Dithmenos [*****.]
Gold:   521        SH:  0    Dex: 20    Spells: 11/11 levels left

rFire   . . .      SeeInvis .    a - +5 short sword (vamp)
rCold   . . .      Faith    +    (no shield)
rNeg    . . .      Spirit   +    (body armour currently unavailable)
rPois   +          Reflect  .    (helmet currently unavailable)
rElec   .          Harm     .    (cloak currently unavailable)
rCorr   +          Rampage  .    (gloves currently unavailable)
Will    .....      NoTele   +    (boots currently unavailable) Stlth *+++++++++
                                 x - amulet of faith
HPRegen 0.45/turn                z - +4 ring of slaying
MPRegen 0.26/turn                w - ring of resist corrosion

@: mighty, lethally poisoned (-3 -> -23), tree-form, weak-willed, slowed,
wreathed by umbra, studying Fighting, very slow
A: stationary, stasis, torment immunity, boosted hp, (antennae 2), thin skeletal
structure 2, (spiny 1), magic shield, magic regeneration
a: Renounce Religion, Shadow Step, Shadow Form


You were on level 1 of the Lair of Beasts.
You worshipped Dithmenos.
Dithmenos was extremely pleased with you.
You were a tree.
You visited 2 branches of the dungeon, and saw 11 of its levels.
You also visited: Bailey.

You collected 521 gold pieces.

Inventory:

Hand Weapons
 a - a +5 vampiric short sword (weapon)
 b - the +4 triple sword "Kuyff" {speed, Fly rF+ rC++ Will-}
   (You found it in a bailey)

   rF:        It protects you from fire.
   rC:        It greatly protects you from cold.
   Fly:       It grants you flight.
   Will:      It decreases your willpower.
 j - a +2 antimagic short sword
 B - a +0 rapier
Missiles
 t - 9 boomerangs (quivered)
 M - 5 curare-tipped darts
Armour
 c - a +0 helmet
 h - a +2 helmet
 n - a +1 buckler
 o - a +0 cloak
 A - a +1 cloak (melded)
 J - a +0 leather armour (melded)
Jewellery
 f - a ring of ice
 m - a ring of see invisible
 r - a ring of protection from fire
 w - a ring of resist corrosion (right branch)
 x - an amulet of faith (around neck)
 z - a +4 ring of slaying (left branch)
 D - a ring of willpower
 G - a ring of protection from fire
 K - a ring of protection from cold
Wands
 d - a wand of iceblast (17)
 e - a wand of paralysis (6)
 k - a wand of flame (14)
 P - a wand of polymorph (3)
Scrolls
 q - 2 scrolls of amnesia
 v - a scroll of teleportation
 y - 2 scrolls of enchant armour
 I - 2 scrolls of identify
 Q - a scroll of butterflies
Potions
 i - 3 potions of invisibility
 p - 2 potions of flight
 s - 3 potions of degeneration
 C - 4 potions of brilliance
 E - a potion of resistance
 F - 2 potions of haste
 H - a potion of magic


   Skills:
 + Level 11.2 Fighting
 - Level 8.0(8.9) Short Blades
 - Level 6.0(8.0) Long Blades
 - Level 1.7 Throwing
 - Level 4.0 Armour
 - Level 6.0 Dodging
 - Level 10.0 Stealth
 - Level 7.0 Shields
 - Level 6.0 Evocations


You had 11 spell levels left.
You didn't know any spells.
Your spell library contained the following spells:

 Spells                   Type           Power      Damage    Failure   Level
 Sandblast                Erth           0%         2d4       38%         1
 Cigotuvi's Dreadful Rot  Necr/Pois/Air  0%         N/A       52%         2
 Passwall                 Tmut/Erth      0%         N/A       52%         2
 Poisonous Vapours        Pois/Air       0%         N/A       52%         2
 Mephitic Cloud           Conj/Pois/Air  0%         N/A       77%         3
 Stone Arrow              Conj/Erth      0%         3d7       77%         3
 Iskenderun's Battlesphe  Conj           0%         2d6       100%        5
 Iron Shot                Conj/Erth      0%         9d1       100%        6
 Spellforged Servitor     Conj/Summ      0%         N/A       100%        7


Dungeon Overview and Level Annotations

Branches:
Dungeon (10/15)            Temple (0/1) D:5            Lair (1/5) D:10
 Bailey (visited)
    Orc: D:9-12

Altars:
Dithmenos
Hepliaklqana
Vehumet
Wu Jian

Shops:
D:5 *   D:6 =:[   D:7 :

Annotations:
D:7 1 runed translucent door
Lair:1 Amaemon


Innate Abilities, Weirdness & Mutations

You are a tree.
Your roots penetrate the ground, keeping you stationary.
You cannot be teleported.
You are immune to unholy pain and torment.
Your maximum health is greatly increased.
Your equipment is partially melded.
((You have a pair of antennae on your head.))
You have a moderately thin skeletal structure. (Dex +4, Stealth++)
((You are partially covered in sharp spines.))
When hurt, damage is shared between your health and your magic reserves.
You regenerate magic rapidly.


Message History

Okay, then.
It was a potion of heal wounds.
You feel much better.
You feel very sick. The scorpion is struck by your spines.
The scorpion stings you.
* * * LOW HITPOINT WARNING * * *
You are more poisoned.
You have difficulty breathing.
* * * LOW HITPOINT WARNING * * *
You feel as though you will be slow longer.
Amaemon gestures wildly while chanting.
The orange demon completely misses you. The scorpion barely misses you.
It was a potion of might.
You feel very mighty all of a sudden.
You feel very sick.
Amaemon hits you with a -1 demon whip of venom!
* * * LOW HITPOINT WARNING * * *
Amaemon misses you. x2; The orange demon misses you.
The scorpion closely misses you. The scorpion is struck by your spines.
The scorpion misses you. The orange demon barely misses you.
Amaemon casts a spell at the scorpion.
The scorpion seems to grow toxic.
As you read the scroll labelled UFIDALA FEZA, it crumbles to dust.
Magic quickly surges around you.
It was a scroll of vulnerability.
* * * LOW HITPOINT WARNING * * *
You feel very sick.
The scorpion closely misses you. x2; The orange demon completely misses you.
Amaemon gestures at the scorpion while chanting.
The scorpion seems to grow toxic.
The scorpion is struck by your spines.
You kill the scorpion!
The scorpion's corpse disappears in a puff of smoke!
The scorpion stings you.
* * * LOW HITPOINT WARNING * * *
You are more poisoned.
The scorpion poisons you!
The scorpion stings you but does no damage.
Really quaff the potion of lignification?
You turn into a tree.
Your +1 cloak melds into your body.
Your +0 leather armour melds into your body.
Your roots penetrate the ground.
You die...

##.... ##.....
......... ### .
........###.######..
....................
....................
...........sss......
............♣64....(
.........###.#.#####
# .####...P###..#
..####.†..## ....
#....##...# ...^.#
#.........# ......
.. #....#....#
.....# .. #...
##...# ...?.# ..####
#....##


You could see Amaemon (weak-willed), an orange demon (curare, weak-willed) and 3
scorpions.

Vanquished Creatures
  A two-headed ogre (D:10)
  An orc knight (Bailey)
  The ghost of ctx the Digger, a novice GnEE of Cheibriados (D:6)
  A cyclops (D:6)
  3 elephants (Lair:1)
  A black mamba (Lair:1)
  2 cane toads (Lair:1)
  A komodo dragon (D:10)
  Grinder (D:3)
  A hornet (D:9)
  A shadow (D:6)
  A vampire (D:10)
  21 yaks
  2 wyverns (D:9)
  3 vampire mosquitoes (D:10)
  2 steam dragons
  Edmund (D:4)
  An acid dragon (D:7)
  2 water moccasins
  2 sky beasts (D:7)
  14 orc warriors
  3 black bears
  4 ice beasts
  7 centaurs
  A phantom (D:6)
  4 bullfrogs
  3 necrophages
  9 scorpions
  A gnoll sergeant (D:8)
  6 wights
  6 killer bees
  3 howler monkeys
  A crimson imp (D:9)
  3 jellies
  Crazy Yiuf (D:7)
  3 hounds
  2 orc priests
  4 iguanas
  9 orc wizards
  Ijyb (D:3)
  Robin (D:2)
  5 gnolls (D:8)
  4 adders
  2 shadow imps (D:5)
  2 white imps
  An ufetubus (D:7)
  2 dart slugs (D:2)
  47 orcs
  3 bats (D:1)
  5 endoplasms
  10 giant cockroaches
  26 goblins
  4 hobgoblins
  5 kobolds
  4 quokkas
  4 ball pythons
  3 frilled lizards
  8 rats
270 creatures vanquished.

Vanquished Creatures (others)
  2 orcs (D:8)
  An endoplasm (D:3)
  6 fungi (Lair:1)
  4 plants (Lair:1)
13 creatures vanquished.

Grand Total: 283 creatures vanquished

Notes
Turn   | Place    | Note
-------+----------+-------------------------------------------
     0 | D:1      | Newt the Demonspawn Gladiator began the quest for the Orb.
     0 | D:1      | Reached XP level 1. HP: 16/16 MP: 1/1
   191 | D:1      | Reached skill level 1 in Stealth
   420 | D:1      | Gained mutation: You have a somewhat thin skeletal
                  | structure. (Dex +2, Stealth+) [demonic ancestry]
   420 | D:1      | Reached XP level 2. HP: 21/22 MP: 2/2
  1238 | D:2      | Noticed Robin
  1258 | D:1      | Gained mutation: You are partially covered in sharp spines.
                  | [demonic ancestry]
  1258 | D:1      | Reached XP level 3. HP: 21/27 MP: 3/3
  1400 | D:2      | Killed Robin
  1807 | D:2      | Gained mutation: You have a pair of small antennae on your
                  | head. [demonic ancestry]
  1807 | D:2      | Reached XP level 4. HP: 32/34 MP: 4/4
  1891 | D:2      | Reached skill level 3 in Fighting
  2409 | D:3      | Noticed Ijyb
  2444 | D:3      | Killed Ijyb
  2445 | D:3      | Reached skill level 4 in Fighting
  2445 | D:3      | Gained mutation: You have a moderately thin skeletal
                  | structure. (Dex +4, Stealth++) [demonic ancestry]
  2445 | D:3      | Reached XP level 5. HP: 11/42 MP: 1/5
  2940 | D:3      | Found a faded altar of an unknown god.
  2975 | D:3      | Prayed at the altar of an unknown god.
  2975 | D:3      | Became a worshipper of Dithmenos the Shadowed
  2975 | D:3      | Reached * piety under Dithmenos
  3120 | D:3      | Noticed Grinder
  3135 | D:3      | Killed Grinder
  3136 | D:3      | Gained mutation: You regenerate magic rapidly. [demonic
                  | ancestry]
  3136 | D:3      | Reached XP level 6. HP: 25/48 MP: 2/6
  3376 | D:4      | Noticed Edmund
  3394 | D:5      | Entered Level 5 of the Dungeon
  3568 | D:5      | Noticed an ice beast
  3586 | D:5      | Killed an ice beast
  3769 | D:4      | Reached XP level 7. HP: 24/54 MP: 2/7
  4046 | D:4      | Killed Edmund
  4047 | D:4      | Reached skill level 5 in Short Blades
  4438 | D:4      | Reached ** piety under Dithmenos
  4987 | D:5      | Found Buna's Overcharged Wands.
  5004 | D:5      | Found a staircase to the Ecumenical Temple.
  5194 | D:5      | Reached skill level 5 in Stealth
  5348 | D:5      | Reached XP level 8. HP: 60/60 MP: 2/8
  5581 | D:6      | Found Jyetwi Qiebe's Book Boutique.
  5654 | D:6      | Found a transporter.
  5654 | D:6      | Noticed ctx's ghost (novice GnEE)
  5655 | D:6      | Found a transporter.
  5655 | D:6      | Noticed a cyclops
  5681 | D:6      | Reached skill level 1 in Armour
  5820 | D:6      | Found Ahopnega's Jewellery Emporium.
  6237 | D:6      | Found Hutema's Armour Boutique.
  6747 | D:6      | Killed a cyclops
  6748 | D:6      | Reached skill level 5 in Dodging
  6748 | D:6      | Gained mutation: When hurt, damage is shared between your
                  | health and your magic reserves. [demonic ancestry]
  6748 | D:6      | Reached XP level 9. HP: 61/65 MP: 3/9
  6758 | D:6      | Killed ctx's ghost
  6767 | D:6      | Reached skill level 5 in Fighting
  7038 | D:7      | Found a runed translucent door.
  7040 | D:7      | Found a runed translucent door.
  7063 | D:7      | Reached skill level 6 in Fighting
  7093 | D:7      | Reached *** piety under Dithmenos
  7318 | D:7      | Found a hazy altar of Hepliaklqana.
  7759 | D:7      | Found a runed translucent door.
  7760 | D:7      | Noticed Crazy Yiuf
  8041 | D:7      | Found Naica Xodef's Tremendous Tomes.
  8199 | D:7      | Killed Crazy Yiuf
  8474 | D:7      | Reached XP level 10. HP: 39/76 MP: 3/10
  8910 | D:8      | Reached skill level 1 in Evocations
  9079 | D:8      | Reached **** piety under Dithmenos
  9409 | D:8      | Found an ornate altar of the Wu Jian Council.
  9726 | D:9      | Found a flagged portal.
  9747 | D:9      | Reached skill level 5 in Evocations
  9770 | Bailey   | Entered a bailey
 10016 | Bailey   | Reached skill level 5 in Shields
 10043 | Bailey   | Noticed an orc knight
 10054 | Bailey   | Killed an orc knight
 10061 | Bailey   | Identified the +4 triple sword "Kuyff" {speed, Fly rF+ rC++
                  | Will-}
 10302 | D:9      | Reached ***** piety under Dithmenos
 10566 | D:9      | Gained mutation: You have a pair of antennae on your head.
                  | [demonic ancestry]
 10566 | D:9      | Reached XP level 11. HP: 81/81 MP: 9/11
 10630 | D:9      | Reached skill level 10 in Fighting
 10630 | D:9      | Reached XP level 12. HP: 99/99 MP: 12/12
 10996 | D:10     | Entered Level 10 of the Dungeon
 11267 | D:10     | Reached skill level 10 in Stealth
 11382 | D:10     | Noticed a two-headed ogre
 11385 | D:10     | Found a radiant altar of Vehumet.
 11393 | D:10     | Killed a two-headed ogre
 11903 | D:10     | Found a staircase to the Lair.
 12291 | Lair:1   | Entered Level 1 of the Lair of Beasts
 12443 | Lair:1   | Reached skill level 5 in Long Blades
 12792 | Lair:1   | Reached skill level 11 in Fighting
 12794 | Lair:1   | Noticed Amaemon
 12820 | Lair:1   | HP: 5/100 [poisoned by scorpion (concentrated venom)]
 12821 | Lair:1   | Succumbed to a scorpion's poison

Illustrated notes

Levels and vault maps discovered:
D:1:      minmay_arrival_wavy_path, layout_loops_corners, minmay_misc_feat_chi
D:2:      layout_rooms, minivault_26, uniq_robin
D:3:      layout_loops_cross, shapermc_ecumenical_altar_hornbeckon,
          uniq_grinder, uniq_ijyb
D:4:      layout_rooms, serial_park_tiny_pond, minmay_goblin_outpost,
          uniq_edmund
D:5:      layout_loops_ring, minmay_temple_entry_antechambers,
          chequers_ossuary_entry_cave, nicolae_shop_overcharged_wands
D:6:      layout_loops_corners, mainiacjoe_overflow_alcove_4, serial_shops,
          shop, nicolae_stop_n_shop_2, nicolae_inconvenience_store,
          gammafunk_ghost_arena, st_stairs_3
D:7:      lemuel_insect_pit, layout_loops_corners,
          mainiacjoe_overflow_small_starburst, nicolae_shop_i_like_big_books,
          uniq_crazy_yiuf_cottage
D:8:      layout_gridville, nicolae_wu_jian_immortal_techniques,
          dk_rats_in_the_wall
D:9:      layout_roguey, enter_bailey_2, minmay_misc_feat_four_crosses,
          minmay_fire_ice_demons
D:10:     layout_grid_maze, overflow_temple_1_default,
          grunt_lair_entry_orc_guard_hut
Lair:1:   statuecave_lemuel, layout_regular_city, uniq_amaemon

Skill      XL: |  1  2  3  4  5  6  7  8  9 10 11 12 |
---------------+-------------------------------------+-----
Stealth        | 1 2 3 5 6 8 10 | 10.0
Fighting       | 4 6 10 11 | 11.2
Shields        | 3 4 7 |  7.0
Short Blades   | 3 5 7 8 |  8.0
Armour         | 4 |  4.0
Dodging        | 5 6 |  6.0
Evocations     | 6 |  6.0
Long Blades    | 6 |  6.0
Throwing       | |  1.7

Action                   |  1- 3 |  4- 6 |  7- 9 | 10-12 || total
-------------------------+-------+-------+-------+-------++-------
Melee: Rapier            |   112 |     3 |       |       ||   115
       Short sword       |       |   108 |   256 |   343 ||   707
       Triple sword      |       |       |       |    58 ||    58
Throw: Throwing net      |       |     4 |     1 |       ||     5
       Javelin           |       |     1 |     1 |     1 ||     3
       Boomerang         |       |       |     2 |       ||     2
Evoke: Wand              |       |       |     3 |       ||     3
  Use: Scroll            |     2 |     6 |     4 |     9 ||    21
       Potion            |       |     2 |     3 |     6 ||    11
 Stab: Sleeping          |     5 |    14 |    16 |    29 ||    64
       Held in net/web   |       |     3 |       |       ||     3
       Paralysed         |       |       |     3 |       ||     3
       Invisible         |       |       |     9 |       ||     9
       Distracted        |       |       |       |     1 ||     1
Armor: Leather armour    |    44 |    13 |    25 |    37 ||   119
       Skin              |       |       |    19 |       ||    19
Dodge: Dodged            |    62 |    42 |   119 |   261 ||   484
Block: Buckler           |       |    20 |    69 |    72 ||   161

Table legend: (Time is in decaauts)
 A = Elapsed time spent in this place.
 B = Non-inter-level travel time spent in this place.
 C = Inter-level travel time spent in this place.
 D = Time resting spent in this place.
 E = Time spent auto-exploring this place.
 F = Levels seen in this place.
 G = Mean time per level.
                   A        B        C        D        E       F      G
               +--------+--------+--------+--------+--------+-----+--------+
         Total |  12650 |  11769 |    881 |   2484 |   7181 |  12 | 1054.2 |
       Dungeon |  11899 |  11019 |    880 |   2465 |   6722 |  10 | 1189.9 |
          Lair |    304 |    304 |      0 |      0 |    154 |   1 |  304.0 |
        Bailey |    447 |    447 |      0 |     19 |    305 |   1 |  447.0 |
               +--------+--------+--------+--------+--------+-----+--------+

Top non-repeatable levels by time:
     D:7: 1862 daAuts
    D:10: 1475 daAuts
     D:6: 1381 daAuts
     D:1: 1379 daAuts
     D:3: 1238 daAuts
     D:5: 1105 daAuts
     D:4: 1076 daAuts
     D:8: 821 daAuts
     D:2: 779 daAuts
     D:9: 779 daAuts
  Bailey: 447 daAuts
  Lair:1: 304 daAuts
